NYP
SPOKANE INDIANS @ CONNECTICUT TIGERS
08/28/2046
 
TOP OF THE 1ST
Spokane Indians batting - Pitching for Connecticut Tigers : RHP T.J. McCullough
Pitching: RHP T.J. McCullough
Batting: RHB Luke Stark 0-0: Called Strike
0-1: Fly out, F7 (Flyball, 7, EV 95.6 MPH)
Batting: RHB Casey Nelligan 0-0: Ball
1-0: TRIPLE (Flyball, 7D, EV 98.1 MPH)
Batting: LHB Gabriel Graves 0-0: Ground out 1-3 (Groundball, 13S, EV 60.6 MPH)
Batting: LHB Nick Foutz 0-0: Called Strike
0-1: Ball
1-1: SINGLE (Groundball, 3D, EV 102.5 MPH)
Casey Nelligan scores
Batting: LHB Mike Sammons 0-0: Ball
Nick Foutz steals 2nd base
1-0: Called Strike
1-1: Ground out 1-3 (Groundball, P, EV 63.1 MPH)
Top of the 1st over - 1 run, 2 hits, 0 errors, 1 left on base; Spokane 1 - Connecticut 0
BOTTOM OF THE 1ST
Connecticut Tigers batting - Pitching for Spokane Indians : LHP Valery Sahanov
Pitching: LHP Valery Sahanov
Batting: RHB Omar del Pino 0-0: Ball
1-0: SINGLE (Flyball, 6MD, EV 99.4 MPH)
Batting: RHB Miguel Verduzco 0-0: Ball
Omar del Pino steals 2nd base
1-0: Ball
2-0: Foul Ball, location: 2F
2-1: Ball
3-1: Foul Ball, location: 2F
3-2: Base on Balls
Batting: SHB Ryan Clark 0-0: Called Strike
0-1: Ball
1-1: Called Strike
1-2: Ball
2-2: Foul Ball, location: 2F
2-2: Strikes out swinging
Batting: RHB Emil Wilbrink 0-0: Ball
1-0: Ball
2-0: Foul Ball, location: 2F
2-1: Fly out, F7 (Flyball, 7LM, EV 85.6 MPH)
Batting: LHB Claudio Kamminga 0-0: Ball
1-0: Called Strike
1-1: Foul Ball, location: 2F
1-2: Foul Ball, location: 2F
1-2: Ball
2-2: Ground out U3 (Groundball, 34, EV 86.2 MPH)
Bottom of the 1st over - 0 runs, 1 hit, 0 errors, 2 left on base; Spokane 1 - Connecticut 0
TOP OF THE 2ND
Spokane Indians batting - Pitching for Connecticut Tigers : RHP T.J. McCullough
Batting: RHB Matt Strong 0-0: Foul Ball, location: 2F
0-1: Foul Ball, location: 2F
0-2: Ball
1-2: Foul Ball, location: 2F
1-2: Ball
2-2: Strikes out looking
Batting: RHB Luis Reyna 0-0: Ball
1-0: DOUBLE (Line Drive, 7LM, EV 98.8 MPH)
Batting: RHB Darnell Jones 0-0: Ball
1-0: Foul Ball, location: 2F
1-1: Ball
2-1: Ground out 6-3 (Groundball, 6, EV 89.4 MPH)
Luis Reyna to third
Batting: LHB Casper Kersten 0-0: Called Strike
0-1: Ball
1-1: Ground out U3 (Groundball, 23, EV 78.1 MPH)
Top of the 2nd over - 0 runs, 1 hit, 0 errors, 1 left on base; Spokane 1 - Connecticut 0
BOTTOM OF THE 2ND
Connecticut Tigers batting - Pitching for Spokane Indians : LHP Valery Sahanov
Batting: RHB Jeremiah Washington 0-0: Ball
1-0: Ball
2-0: Ball
3-0: Called Strike
3-1: Foul Ball, location: 2F
3-2: Ground out 6-3 (Groundball, 6, EV 83.1 MPH)
Batting: RHB Tony Murray 0-0: Ball
1-0: Ground out 6-3 (Groundball, 4M, EV 90.0 MPH)
Batting: LHB Andy Sanchez 0-0: Called Strike
0-1: Called Strike
0-2: Ball
1-2: Ball
2-2: Ball
3-2: SINGLE (Groundball, 6S, EV 71.2 MPH) (infield hit)
Batting: SHB Duri Chilemba 0-0: Called Strike
0-1: Ball
1-1: Ground out 1-3 (Groundball, 13S, EV 71.9 MPH)
Bottom of the 2nd over - 0 runs, 1 hit, 0 errors, 1 left on base; Spokane 1 - Connecticut 0
TOP OF THE 3RD
Spokane Indians batting - Pitching for Connecticut Tigers : RHP T.J. McCullough
Batting: RHB Luke Stark 0-0: Swinging Strike
0-1: Called Strike
0-2: Ball
1-2: Ball
2-2: DOUBLE (Line Drive, 8LXD, EV 105.6 MPH)
Batting: RHB Casey Nelligan 0-0: Called Strike
0-1: Ball
1-1: DOUBLE (Line Drive, 7LM, EV 88.1 MPH)
Luke Stark scores
Batting: LHB Gabriel Graves 0-0: Swinging Strike
0-1: Ball
1-1: Ball
2-1: Foul Ball, location: 2F
2-2: Strikes out looking
Batting: LHB Nick Foutz 0-0: Foul Ball, location: 2F
0-1: Fly out, F8 (Flyball, 8RM, EV 78.8 MPH)
Batting: LHB Mike Sammons 0-0: Called Strike
0-1: Swinging Strike
0-2: Strikes out swinging
Top of the 3rd over - 1 run, 2 hits, 0 errors, 1 left on base; Spokane 2 - Connecticut 0
BOTTOM OF THE 3RD
Connecticut Tigers batting - Pitching for Spokane Indians : LHP Valery Sahanov
Batting: RHB Omar del Pino 0-0: Called Strike
0-1: Called Strike
0-2: Ball
1-2: Foul Ball, location: 2F
1-2: Ball
2-2: Ball
3-2: Strikes out swinging
Batting: RHB Miguel Verduzco 0-0: Ball
1-0: Foul Ball, location: 2F
1-1: Foul Ball, location: 2F
1-2: Strikes out looking
Batting: SHB Ryan Clark 0-0: Foul Ball, location: 2F
0-1: Ball
1-1: Foul Ball, location: 5F, Error on foul ball, E5
1-2: Strikes out swinging
Bottom of the 3rd over - 0 runs, 0 hits, 1 error, 0 left on base; Spokane 2 - Connecticut 0
TOP OF THE 4TH
Spokane Indians batting - Pitching for Connecticut Tigers : RHP T.J. McCullough
Batting: RHB Matt Strong 0-0: Called Strike
0-1: Called Strike
0-2: Ball
1-2: Ball
2-2: Foul Ball, location: 2F
2-2: Strikes out looking
Batting: RHB Luis Reyna 0-0: Foul Ball, location: 2F
0-1: Fly out, F4 (Popup, 13, EV 76.2 MPH)
Batting: RHB Darnell Jones 0-0: Ball
1-0: Called Strike
1-1: DOUBLE (Flyball, 89D, EV 98.8 MPH)
Batting: LHB Casper Kersten 0-0: Called Strike
0-1: Foul Ball, location: 2F
0-2: Foul Ball, location: 2F
0-2: Foul Ball, location: 2F
0-2: Ball
1-2: Ball
2-2: Foul Ball, location: 2F
2-2: Ball
3-2: Ground out 5-3 (Groundball, 56, EV 86.2 MPH)
Top of the 4th over - 0 runs, 1 hit, 0 errors, 1 left on base; Spokane 2 - Connecticut 0
BOTTOM OF THE 4TH
Connecticut Tigers batting - Pitching for Spokane Indians : LHP Valery Sahanov
Batting: RHB Emil Wilbrink 0-0: Ball
1-0: Ball
2-0: Called Strike
2-1: Ground out 4-3 (Groundball, 34, EV 88.8 MPH)
Batting: LHB Claudio Kamminga 0-0: Fly out, F6 (Flyball, 56D, EV 82.5 MPH)
Batting: RHB Jeremiah Washington 0-0: Called Strike
0-1: Ball
1-1: SINGLE (Groundball, 56, EV 102.5 MPH)
Batting: RHB Tony Murray 0-0: Swinging Strike
0-1: Swinging Strike
0-2: Foul Ball, location: 2F
0-2: Ball
1-2: Strikes out looking
Bottom of the 4th over - 0 runs, 1 hit, 0 errors, 1 left on base; Spokane 2 - Connecticut 0
TOP OF THE 5TH
Spokane Indians batting - Pitching for Connecticut Tigers : RHP T.J. McCullough
Batting: RHB Luke Stark 0-0: Ball
1-0: Ground out 4-3 (Groundball, 4MD, EV 100.6 MPH)
Batting: RHB Casey Nelligan 0-0: Called Strike
0-1: Ground out 6-3 (Groundball, 56, EV 87.5 MPH)
Batting: LHB Gabriel Graves 0-0: Ball
1-0: Foul Ball, location: 2F
1-1: Foul Ball, location: 2F
1-2: Fly out, F5 (Popup, 5, EV 80.6 MPH)
Top of the 5th over - 0 runs, 0 hits, 0 errors, 0 left on base; Spokane 2 - Connecticut 0
BOTTOM OF THE 5TH
Connecticut Tigers batting - Pitching for Spokane Indians : LHP Valery Sahanov
Batting: LHB Andy Sanchez 0-0: Ball
1-0: Fly out, F4 (Line Drive, 34, EV 68.1 MPH)
Batting: SHB Duri Chilemba 0-0: Ball
1-0: Called Strike
1-1: Fly out, F9 (Flyball, 9S, EV 86.9 MPH)
Batting: RHB Omar del Pino 0-0: Ball
1-0: Foul Ball, location: 2F
1-1: Swinging Strike
1-2: Strikes out swinging
Bottom of the 5th over - 0 runs, 0 hits, 0 errors, 0 left on base; Spokane 2 - Connecticut 0
TOP OF THE 6TH
Spokane Indians batting - Pitching for Connecticut Tigers : RHP T.J. McCullough
Batting: LHB Nick Foutz 0-0: Ball
1-0: Fly out, F8 (Flyball, 89M, EV 85.0 MPH)
Batting: LHB Mike Sammons 0-0: Ball
1-0: Ball
2-0: Ball
3-0: Called Strike
3-1: Called Strike
3-2: Base on Balls
Batting: RHB Matt Strong 0-0: Fly out, F7 (Flyball, 7S, EV 84.4 MPH)
Batting: RHB Luis Reyna 0-0: Called Strike
0-1: Foul Ball, location: 2F
0-2: Ball
1-2: Foul Ball, location: 2F
1-2: Foul Ball, location: 2F
1-2: TRIPLE (Flyball, 9LD, EV 109.4 MPH)
Mike Sammons scores
Batting: RHB Darnell Jones 0-0: Ball
1-0: Called Strike
1-1: Ball
2-1: Called Strike
2-2: Foul Ball, location: 2F
2-2: Strikes out looking
Top of the 6th over - 1 run, 1 hit, 0 errors, 1 left on base; Spokane 3 - Connecticut 0
BOTTOM OF THE 6TH
Connecticut Tigers batting - Pitching for Spokane Indians : LHP Valery Sahanov
Batting: RHB Miguel Verduzco 0-0: Called Strike
0-1: Foul Ball, location: 2F
0-2: Ball
1-2: Strikes out swinging
Batting: SHB Ryan Clark 0-0: Ball
1-0: Called Strike
1-1: Ball
2-1: Swinging Strike
2-2: Ball
3-2: Strikes out swinging
Batting: RHB Emil Wilbrink 0-0: Called Strike
0-1: Ball
1-1: Called Strike
1-2: Ball
2-2: Ball
3-2: Strikes out swinging
Bottom of the 6th over - 0 runs, 0 hits, 0 errors, 0 left on base; Spokane 3 - Connecticut 0
TOP OF THE 7TH
Spokane Indians batting - Pitching for Connecticut Tigers : RHP T.J. McCullough
Batting: LHB Casper Kersten 0-0: Ball
1-0: Foul Ball, location: 2F
1-1: Ball
2-1: Called Strike
2-2: Ball
3-2: Ground out 6-3 (Groundball, 4M, EV 97.5 MPH)
Pitching: RHP John Harrell
Batting: RHB Luke Stark 0-0: Ball
1-0: Ball
2-0: DOUBLE (Groundball, 5L, EV 109.4 MPH)
Batting: RHB Casey Nelligan 0-0: Ball
1-0: Called Strike
Luke Stark steals 3rd base
1-1: Swinging Strike
1-2: Foul Ball, location: 2F
1-2: Foul Ball, location: 2F
1-2: SINGLE (Groundball, 6MD, EV 95.6 MPH)
Luke Stark scores
Batting: LHB Gabriel Graves 0-0: Called Strike
0-1: Ball
1-1: Swinging Strike
1-2: Foul Ball, location: 2F
1-2: DOUBLE (Groundball, 3L, EV 100.6 MPH)
Casey Nelligan to third
Runner from 3rd tries for Home, SAFE, throw by RF to home
Batting: LHB Nick Foutz 0-0: Swinging Strike
0-1: Called Strike
0-2: Strikes out swinging
Batting: LHB Mike Sammons 0-0: Called Strike
0-1: Ball
1-1: SINGLE (Groundball, 4D, EV 96.9 MPH)
Gabriel Graves to third
Runner from 3rd tries for Home, SAFE, throw by CF to home
Batting: RHB Matt Strong 0-0: Swinging Strike
0-1: Fly out, F7 (Line Drive, 7S, EV 95.0 MPH)
Top of the 7th over - 3 runs, 4 hits, 0 errors, 1 left on base; Spokane 6 - Connecticut 0
BOTTOM OF THE 7TH
Connecticut Tigers batting - Pitching for Spokane Indians : LHP Valery Sahanov
Now at 3B: Sal Espinosa
Now in CF: Casper Kersten
Now in RF: Dave Doughty
Batting: LHB Claudio Kamminga 0-0: Called Strike
0-1: Ball
1-1: Foul Ball, location: 2F
1-2: Ball
2-2: Ball
3-2: Foul Ball, location: 2F
3-2: Base on Balls
Batting: RHB Jeremiah Washington 0-0: Called Strike
0-1: Foul Ball, location: 2F
0-2: Ball
1-2: Grounds into double play, 6-4-3 (Groundball, 6, EV 80.6 MPH)
Batting: RHB Tony Murray 0-0: Swinging Strike
0-1: Ball
1-1: Ball
2-1: Swinging Strike
2-2: Ground out 6-3 (Groundball, 6, EV 80.0 MPH)
Bottom of the 7th over - 0 runs, 0 hits, 0 errors, 0 left on base; Spokane 6 - Connecticut 0
TOP OF THE 8TH
Spokane Indians batting - Pitching for Connecticut Tigers : RHP John Harrell
Batting: RHB Luis Reyna 0-0: Called Strike
0-1: Ball
1-1: Swinging Strike
1-2: Strikes out swinging
Batting: RHB Darnell Jones 0-0: Ball
1-0: Ball
2-0: Called Strike
2-1: Called Strike
2-2: Foul Ball, location: 2F
2-2: Foul Ball, location: 2F
2-2: Foul Ball, location: 2F
2-2: SINGLE (Line Drive, 7S, EV 105.6 MPH)
Pitching: RHP Fernando Fierros
Batting: LHB Casper Kersten 0-0: Fielders Choice at 2nd, 5-4 (Groundball, 56, EV 101.9 MPH)
Batting: RHB Luke Stark Pickoff Play to 1st, Runner tries for 2nd, OUT after rundown.
Top of the 8th over - 0 runs, 1 hit, 0 errors, 0 left on base; Spokane 6 - Connecticut 0
BOTTOM OF THE 8TH
Connecticut Tigers batting - Pitching for Spokane Indians : LHP Valery Sahanov
Pitching: RHP Matt Fox
Now at 1B: Herb Craig
Batting: LHB Andy Sanchez 0-0: Fly out, F8 (Flyball, 8RXD, EV 101.9 MPH)
Pinch Hitting: LHB Jon Pedlar 0-0: Foul Ball, location: 2F
0-1: Called Strike
0-2: Strikes out swinging
Batting: RHB Omar del Pino 0-0: Ground out 5-3 (Groundball, 56S, EV 61.2 MPH)
Bottom of the 8th over - 0 runs, 0 hits, 0 errors, 0 left on base; Spokane 6 - Connecticut 0
TOP OF THE 9TH
Spokane Indians batting - Pitching for Connecticut Tigers : RHP Fernando Fierros
Now at SS: Orlando Blanco
Batting: RHB Luke Stark 0-0: Called Strike
0-1: Called Strike
0-2: Ball
1-2: Ball
2-2: Foul Ball, location: 2F
2-2: Ground out 5-3 (Groundball, 56, EV 92.5 MPH)
Batting: LHB Dave Doughty 0-0: Ball
1-0: Foul Ball, location: 2F
1-1: DOUBLE (Line Drive, 89D, EV 98.8 MPH)
Batting: LHB Gabriel Graves 0-0: Ball
1-0: Ball
2-0: DOUBLE (Line Drive, 89M, EV 93.1 MPH)
Dave Doughty scores
Pinch Hitting: RHB Mike Trujillo 0-0: Ball
1-0: Ball
2-0: Called Strike
2-1: Ball
3-1: Fly out, F8 (Flyball, 78D, EV 105.6 MPH)
Batting: LHB Mike Sammons 0-0: Ball
1-0: Ball
2-0: Called Strike
2-1: Foul Ball, location: 2F
2-2: Ball
3-2: Foul Ball, location: 2F
3-2: Base on Balls
Pinch Hitting: RHB Daniel Barger 0-0: Ball
Wild Pitch!
Gabriel Graves to third
Mike Sammons to second
1-0: Ball
2-0: Fly out, F8 (Flyball, 8RD, EV 85.0 MPH)
Top of the 9th over - 1 run, 2 hits, 0 errors, 2 left on base; Spokane 7 - Connecticut 0
BOTTOM OF THE 9TH
Connecticut Tigers batting - Pitching for Spokane Indians : RHP Matt Fox
Now at 3B: Daniel Barger
Now in LF: Mike Trujillo
Batting: RHB Miguel Verduzco 0-0: Ball
1-0: Called Strike
1-1: Called Strike
1-2: Foul Ball, location: 2F
1-2: Foul Ball, location: 2F
1-2: Foul Ball, location: 2F
1-2: Ground out 4-3 (Groundball, 4, EV 85.0 MPH)
Batting: SHB Ryan Clark 0-0: Ball
1-0: Swinging Strike
1-1: Ball
2-1: Swinging Strike
2-2: Strikes out swinging
Pinch Hitting: RHB Brandon Everett 0-0: Called Strike
0-1: Fly out, F6 (Line Drive, 6, EV 73.1 MPH)
Bottom of the 9th over - 0 runs, 0 hits, 0 errors, 0 left on base; Spokane 7 - Connecticut 0
Tuesday, September 13th , 2022 - OOTP Baseball 23.7 Build 88